 Dungeon Crawl Stone Soup version 0.29.1-12-g30fa7ad0bf (webtiles) character file.

Game seed: 3755635323204790080

2107 cheesebisquit the Basher (level 9, -4/77 (81) HPs)
             Began as a Minotaur Berserker on Dec 23, 2022.
             Was a Priest of Trog.
             Slain by a wight
             ... wielding a +3 hand axe of freezing
              (5 damage)
             ... on level 7 of the Dungeon.
             The game lasted 00:22:12 (5030 turns).

cheesebisquit the Basher (Minotaur Berserker)       Turns: 5030, Time: 00:22:12

HP:   -4/77 (81)    AC: 19    Str: 29    XL:     9   Next: 7%
MP:   8/8           EV:  9    Int:  4    God:    Trog [***...]
Gold: 357           SH:  0    Dex:  9    Spells: 8/8 levels left

rFire   + . .      SeeInvis .   i - +1 flail
rCold   . . .      Faith    .   (no shield)
rNeg    . . .      Spirit   .   j - +0 plate armour
rPois   .          Reflect  .   t - +0 hat
rElec   .          Harm     .   x - +0 cloak "Zelisuth" {Str+2}
rCorr   .          Rampage  .   w - +0 pair of gloves
Will    ++...                   y - +2 pair of boots
Stlth   ..........              c - amulet of regeneration
HPRegen 2.02/turn               h - ring of protection from fire
MPRegen 0.11/turn               (no ring)

@: strong-willed, on berserk cooldown, regenerating, slowed, lightly drained,
very slow
A: horns 2, retaliatory headbutt
a: Renounce Religion, Berserk, Trog's Hand


You were on level 7 of the Dungeon.
You worshipped Trog.
Trog was most pleased with you.
You visited 1 branch of the dungeon, and saw 7 of its levels.

You collected 357 gold pieces.

Inventory:

Hand Weapons
 a - a +0 mace
 i - a +1 flail (weapon)
Missiles
 d - 66 stones (quivered)
 k - 15 poisoned darts
Armour
 b - a +0 animal skin
 g - a +0 leather armour
 j - a +0 plate armour (worn)
 n - a +0 ring mail
 p - a +0 scale mail
 t - a +0 hat (worn)
 w - a +0 pair of gloves (worn)
 x - the +0 cloak "Zelisuth" (worn) {Str+2}
   (You found it on level 4 of the Dungeon)

   Str:       It affects your strength (+2).
 y - a +2 pair of boots (worn)
Jewellery
 c - an amulet of regeneration (around neck)
 h - a ring of protection from fire (left hand)
 B - an amulet of faith
Wands
 E - a wand of charming (16)
Scrolls
 e - 2 scrolls of enchant weapon
 f - a scroll of teleportation {unknown}
 l - a scroll of fear {unknown}
 m - 2 scrolls of vulnerability
 r - a scroll of poison {unknown}
 z - a scroll of magic mapping {unknown}
 A - a scroll of silence {unknown}
 D - a scroll of blinking {unknown}
Potions
 o - a potion of heal wounds
 q - a potion of flight
 s - 3 potions of haste
 u - a potion of lignification
 C - a potion of curing


   Skills:
 + Level 8.1 Fighting
 + Level 8.1 Maces & Flails
 + Level 7.4 Armour
 + Level 6.8 Dodging


You had 8 spell levels left.
You didn't know any spells.
Your spell library was empty.

Dungeon Overview and Level Annotations

Branches:
Dungeon (7/15)             Temple (0/1) D:5

Altars:
Cheibriados
Gozag
Makhleb
Nemelex Xobeh
Uskayaw
Zin

Shops:
D:3 *   D:6 =

Portals:
Bailey: D:7


Innate Abilities, Weirdness & Mutations

You have a pair of horns on your head.
You reflexively headbutt those who attack you in melee.


Message History

Trog accepts your kill. The orc warrior barely misses you.
A wight comes into view. It is wielding a +4 short sword.
A howler monkey comes into view.
The orc warrior hits you with a +1 halberd of freezing!
The orc warrior freezes you.
Your skin crawls.
You feel strong-willed.
You can no longer call in reinforcements.
The howler monkey howls!
The howler monkey hoots and howls with incredible vigour!
The orc warrior barely misses you.
A wight comes into view. It is wielding a +0 hand axe.
You hear a shout!
You hear a croak.
Okay, then.
You sock the orc warrior! Your headbutt misses the orc warrior.
The orc warrior is heavily wounded.
The orc warrior hits you but does no damage.
The wight hits you with a +0 flail.
The orc warrior hits you with a +1 halberd of freezing!
The orc warrior freezes you.
* * * LOW HITPOINT WARNING * * *
You hit the orc warrior.
You headbutt the orc warrior, but do no damage.
The orc warrior is severely wounded.
You hear the creaking of a portcullis nearby.
The wight barely misses you.
The wight hits you with a +3 hand axe of freezing.
* * * LOW HITPOINT WARNING * * *
You feel drained. The wight freezes you.
* * * LOW HITPOINT WARNING * * *
The orc warrior hits you with a +1 halberd of freezing!
* * * LOW HITPOINT WARNING * * *
The orc warrior freezes you.
* * * LOW HITPOINT WARNING * * *
The wight barely misses you.
The wight hits you with a +3 hand axe of freezing!
* * * LOW HITPOINT WARNING * * *
You feel drained.
You die...

#.....#... .#....
#.....#... ......
#.....#... ###....
############..
.......##+#..........#..
.....................#..
.....................#..
......)))............##.
......)@z...............
......)zo...†...........
#######z...#+##.........
#.h..#..+..#####.#
#.z..#..#..#⌠~~#'#
#....#..##.#~~~~~~
#....#..##.#~~~###
#....#.....##~##.#
#....#......#~#._.


You could see an orc warrior, a howler monkey and 4 wights.

Vanquished Creatures
  Sigmund (D:5)
  A water moccasin (D:6)
  3 black bears
  A sky beast (D:6)
  An ice beast (D:7)
  A kobold brigand (D:7)
  2 bullfrogs
  A gnoll sergeant (D:7)
  4 wights (D:6)
  A jelly (D:7)
  3 howler monkeys
  5 hounds
  A gnoll bouda (D:6)
  4 iguanas
  4 orc wizards (D:4)
  Terence (D:3)
  14 gnolls
  7 adders
  2 white imps
  An ufetubus (D:7)
  2 worms (D:5)
  6 dart slugs
  12 orcs
  7 ball pythons
  7 endoplasms
  5 giant cockroaches
  8 goblins
  10 hobgoblins
  10 jackals
  23 kobolds
  4 quokkas
  4 bats (D:1)
  4 frilled lizards
  3 rats (D:1)
163 creatures vanquished.

Vanquished Creatures (others)
  5 fungi (D:3)
5 creatures vanquished.

Grand Total: 168 creatures vanquished

Notes
Turn   | Place    | Note
-------+----------+-------------------------------------------
     0 | D:1      | cheesebisquit the Minotaur Berserker began the quest for
                  | the Orb.
     0 | D:1      | Reached XP level 1. HP: 19/19 MP: 0/0
   205 | D:1      | Reached XP level 2. HP: 27/27 MP: 1/1
   473 | D:1      | Reached ** piety under Trog
   708 | D:1      | Reached XP level 3. HP: 26/33 MP: 2/2
  1554 | D:3      | HP: 1/34 [iguana (15)]
  1560 | D:3      | Reached XP level 4. HP: 9/41 MP: 3/3
  1869 | D:3      | Found an opulent altar of Gozag.
  1944 | D:3      | Found a hide-covered altar of Uskayaw.
  2037 | D:3      | Reached *** piety under Trog
  2052 | D:3      | Found Gozag's Platinum Reserve.
  2244 | D:3      | Noticed Terence
  2254 | D:3      | Killed Terence
  2255 | D:3      | Reached XP level 5. HP: 47/47 MP: 4/4
  2478 | D:4      | Identified the +4 scimitar of Exkiuh {freeze, Int+7}
  2535 | D:4      | Reached skill level 5 in Fighting
  2672 | D:4      | Reached skill level 5 in Maces & Flails
  2688 | D:4      | Noticed a black bear
  2693 | D:4      | Killed a black bear
  2694 | D:4      | Reached XP level 6. HP: 56/56 MP: 5/5
  3078 | D:4      | Reached XP level 7. HP: 62/62 MP: 6/6
  3272 | D:4      | Identified the +0 cloak "Zelisuth" {Str+2}
  3648 | D:5      | Entered Level 5 of the Dungeon
  3668 | D:5      | Found a staircase to the Ecumenical Temple.
  3683 | D:5      | Found a sparkling altar of Nemelex Xobeh.
  3752 | D:5      | Found a glowing silver altar of Zin.
  3807 | D:5      | Reached skill level 5 in Armour
  4017 | D:5      | Noticed Sigmund
  4040 | D:5      | Killed Sigmund
  4041 | D:5      | Reached skill level 5 in Dodging
  4221 | D:6      | Reached XP level 8. HP: 71/71 MP: 7/7
  4253 | D:6      | Found Sesug's Jewellery Shop.
  4377 | D:6      | Found a burning altar of Makhleb.
  4829 | D:7      | Found a snail-covered altar of Cheibriados.
  4878 | D:7      | Found a flagged portal.
  4926 | D:7      | Reached **** piety under Trog
  4990 | D:7      | Reached XP level 9. HP: 80/81 MP: 8/8
  5030 | D:7      | HP: 1/79 [wight/+3 hand axe of freezing (11)]
  5030 | D:7      | Slain by a wight

Illustrated notes

Levels and vault maps discovered:
D:1:      lightli_arrival_chessboard, layout_basic
D:2:      layout_rooms
D:3:      layout_basic, mainiacjoe_overflow_cross_hatched,
          nicolae_gozag_zags_fifth_avenue, uniq_terence
D:4:      cheibrodos_barr_body, layout_gridville, grunt_ministairs_11
D:5:      layout_rooms, amcnicky_altar_gilded, zin_treasury,
          minmay_temple_entry_mist, nrook_loot_triangle,
          kennysheep_big_empty_room, uniq_sigmund
D:6:      layout_rooms, mainiacjoe_overflow_concentric_impassable, serial_shops,
          shop
D:7:      layout_gridville, xom_confusion_cloud, cheibrodos_worm_habitat,
          grunt_dithmenos_shadows, enter_bailey_3

Skill      XL: |  1  2  3  4  5  6  7  8 |
---------------+-------------------------+-----
Maces & Flails | 4 5 6 8 |  8.1
Fighting       | 4 5 6 8 |  8.1
Armour         | 3 4 5 7 |  7.4
Dodging        | 3 4 5 6 |  6.8

Action                   |  1- 3 |  4- 6 |  7- 9 || total
-------------------------+-------+-------+-------++-------
Melee: Mace              |    17 |       |       ||    17
       Headbutt          |     5 |    24 |    39 ||    68
       Punch             |     2 |     3 |     2 ||     7
       Flail             |    69 |   129 |   168 ||   366
Invok: Trog's Hand       |     1 |     4 |     5 ||    10
       Berserk           |       |     3 |     5 ||     8
  Use: Potion            |     2 |       |     1 ||     3
       Scroll            |       |     6 |     3 ||     9
Armor: Leather armour    |    23 |       |       ||    23
       Ring mail         |     8 |       |       ||     8
       Scale mail        |       |    65 |    48 ||   113
       Plate armour      |       |       |    73 ||    73
Dodge: Dodged            |    65 |    69 |   144 ||   278
